 Dungeon Crawl Stone Soup version 0.23.2-33-g5129a83184 (webtiles) character file.

Game seed: 1736485928781025843

142943 Lauz the Peltast (level 17, -3/110 HPs)
             Began as a Gargoyle Fighter on July 10, 2019.
             Was the Champion of Vehumet.
             Hit by a poisoned javelin thrown by a merfolk javelineer (20 damage)
             ... on level 4 of the Shoals.
             The game lasted 01:49:37 (29375 turns).

Lauz the Peltast (Gargoyle Fighter)                Turns: 29375, Time: 01:49:38

Health: -3/110     AC: 46    Str: 27 (29) XL:     17   Next: 36%
Magic:  34/38      EV: 10    Int: 13 (14) God:    Vehumet [******]
Gold:   2558       SH: 15    Dex: 14 (15) Spells: 23/33 levels left

rFire    . . .     SeeInvis +   L - +8 mace of Joyful Slaughter {holy, Dex+4}
rCold    + . .     Gourm    .   c - +0 shield
rNeg     + . .     Faith    .   M - +9 plate armour "Jouz" {+Fly Slay+4}
rPois    ∞         Spirit   .   R - +0 helmet
rElec    +         Reflect  .   m - +2 cloak
rCorr    .         Harm     .   (no gloves)
MR       +....                  I - +2 pair of boots
Stlth    ..........             i - amulet of regeneration
HPRegen  0.68/turn              F - ring of Cosir {rC+ MP+9 SInv}
MPRegen  0.26/turn              b - ring of Lugonu's Condemnation {Wiz +Fly Int+2 Dex+2 SInv}

@: mighty, flying, mesmerised
A: big wings, negative energy resistance 1, electricity resistance, unbreathing,
petrification resistance, rot immunity, AC +12
a: Stop Flying, Renounce Religion


You were on level 4 of the Shoals.
You worshipped Vehumet.
Vehumet was exalted by your worship.
You were hungry.

You visited 5 branches of the dungeon, and saw 28 of its levels.
You also visited: Ossuary, Bailey, Gauntlet, Ice Cave and Volcano.

You collected 2558 gold pieces.

Inventory:

Hand Weapons
 B - the +5 fustibalus "Qefoot" {freeze, +Blink +Inv rPois SInv}
   (You acquired it on level 5 of the Lair of Beasts)

   It causes projectiles fired from it to freeze those they strike, causing
   extra injury to most foes and up to half again as much damage against
   particularly susceptible opponents.
   They can also slow down cold-blooded creatures.
   It protects you from poison.
   It lets you see invisible.
   It lets you turn invisible.
   It lets you blink.
 L - the +8 mace of Joyful Slaughter (weapon) {holy, Dex+4}
   (You took it off an orc warrior on level 6 of the Dungeon)

   It has been blessed by the Shining One to cause great damage to the undead
   and demons.
   It affects your dexterity (+4).
 S - the +9 sword of Zonguldrok {reap}
   (You found it on level 11 of the Dungeon)

   If a monster killed with it leaves a corpse in good enough shape, the corpse
   will be animated as a zombie friendly to the killer.
 Z - a +3 executioner's axe of freezing
Armour
 a - the +6 ice dragon scales of Fortification {-Tele rF- rC++ rN+ rCorr}
   (You found it in an ice cave)

   It makes you vulnerable to fire.
   It greatly protects you from cold.
   It protects you from negative energy.
   It prevents most forms of teleportation.
   It provides partial protection from all sources of acid and corrosion.
 c - a +0 shield (worn)
 m - a +2 cloak (worn)
 I - a +2 pair of boots (worn)
 M - the +9 plate armour "Jouz" (worn) {+Fly Slay+4}
   (You took it off an orc warrior on level 6 of the Dungeon)

   It affects your accuracy and damage with ranged weapons and melee attacks
   (+4).
   It lets you fly.
 R - a +0 helmet (worn)
Jewellery
 b - the ring of Lugonu's Condemnation (right hand) {Wiz +Fly Int+2 Dex+2 SInv}
   (You found it on level 7 of the Dungeon)

   [ring of wizardry]

   It improves your spell success rate.
   It affects your intelligence (+2).
   It affects your dexterity (+2).
   It lets you see invisible.
   It lets you fly.
 d - an uncursed ring of positive energy
 i - an amulet of regeneration (around neck)
 j - the ring "Qariuwi" {+Inv Str+2}
   (You found it in a Gauntlet)

   [ring of strength]

   It affects your strength (+2).
   It lets you turn invisible.
 q - an uncursed ring of ice {unknown}
 D - an uncursed ring of resist corrosion
 E - a +5 ring of evasion
 F - the ring of Cosir (left hand) {rC+ MP+9 SInv}
   (You found it on level 8 of the Dungeon)

   [ring of see invisible]

   It protects you from cold.
   It affects your magic capacity (+9).
   It lets you see invisible.
 H - a +2 amulet of reflection
 J - the ring "Soofex" {Ice MP+9}
   (You found it on level 4 of the Lair of Beasts)

   [ring of ice]

   It enhances your ice magic.
   It makes you vulnerable to fire.
   It protects you from cold.
   It affects your magic capacity (+9).
 V - an uncursed ring of magical power
Wands
 k - a wand of disintegration (34)
 N - a wand of random effects (39)
 U - a wand of iceblast (7)
 W - a wand of polymorph (6)
 Y - a wand of digging (5)
Scrolls
 e - 13 scrolls of teleportation
 h - 23 scrolls of identify
 r - 5 scrolls of blinking
 s - 11 scrolls of remove curse
 t - 6 scrolls of fear
 w - 2 scrolls of magic mapping
 y - 3 scrolls of enchant armour
 G - 5 scrolls of amnesia
 O - a scroll of holy word
 Q - 2 scrolls of random uselessness {unknown}
 T - 2 scrolls of fog
 X - a scroll of silence {unknown}
Potions
 g - 2 potions of flight {unknown}
 l - 14 potions of curing
 n - 2 potions of heal wounds {unknown}
 o - 4 potions of berserk rage
 p - 2 potions of magic {unknown}
 u - 3 potions of degeneration
 v - 3 potions of agility {unknown}
 x - 2 potions of cancellation {unknown}
 z - 7 potions of haste {unknown}
 A - a potion of ambrosia {unknown}
 C - 8 potions of brilliance {unknown}
 K - 3 potions of might
 P - 3 potions of mutation {unknown}
Comestibles
 f - 31 rations


   Skills:
 + Level 13.7 Fighting
 - Level 14.5 Maces & Flails
 + Level 13.0 Armour
 - Level 4.1 Dodging
 - Level 15.1 Shields
 * Level 8.6 Spellcasting
 * Level 10.1 Conjurations
 * Level 10.4 Earth Magic
 - Level 0.6 Evocations


You had 23 spell levels left.
You knew the following spells:

 Your Spells              Type           Power        Failure   Level  Hunger
a - Magic Dart            Conj           ####         1%          1    None
b - Stone Arrow           Conj/Erth      ####..       1%          3    ##.....
c - Iron Shot             Conj/Erth      ####......   22%         6    #######

Your spell library contained the following spells:

 Spells                   Type           Power        Failure   Level  Hunger
 Bolt of Fire             Conj/Fire      ###.......   80%         6    #######
 Sandblast                Erth           ####..       1%          1    None
 Shock                    Conj/Air       ###.         1%          1    None
 Sting                    Conj/Pois      ###.         1%          1    None
 Searing Ray              Conj           ####..       1%          2    None
 Iskenderun's Mystic Bla  Conj           ####....     1%          4    ####...
 Dazzling Spray           Conj/Hex       ###...       4%          3    ##.....
 Static Discharge         Conj/Air       ###.....     4%          3    ##.....
 Lee's Rapid Deconstruct  Erth           ####......   4%          5    #####..
 Passwall                 Tmut/Erth      ###.....     7%          2    None
 Mephitic Cloud           Conj/Pois/Air  ##......     8%          3    ##.....
 Force Lance              Conj/Tloc      ###.....     13%         4    ####...
 Fulminant Prism          Conj/Hex       ###.......   13%         4    ####...
 Bolt of Magma            Conj/Fire/Erth ###.......   16%         5    #####..
 Inner Flame              Hex/Fire       #.......     28%         3    ##.....
 Lightning Bolt           Conj/Air       ###.......   30%         5    #####..
 Venom Bolt               Conj/Pois      ###.......   30%         5    #####..
 Beastly Appendage        Tmut           #.....       34%         1    None
 Confusing Touch          Hex            #.....       34%         1    None
 Corona                   Hex            #......      34%         1    None
 Infusion                 Chrm           #...         34%         1    None
 Leda's Liquefaction      Hex/Erth       ###.......   38%         4    ####...
 Petrify                  Tmut/Erth      ###.....     38%         4    ####...
 Ensorcelled Hibernation  Hex/Ice        #.....       47%         2    None
 Poisonous Vapours        Pois/Air       #.....       47%         2    None
 Shroud of Golubria       Chrm/Tloc      #.........   47%         2    None
 Slow                     Hex            #.......     47%         2    None
 Song of Slaying          Chrm           #.......     47%         2    None
 Sticks to Snakes         Tmut           #.......     47%         2    None
 Swiftness                Chrm/Air       #.......     47%         2    None
 Airstrike                Air            #.........   61%         4    ####...
 Olgreb's Toxic Radiance  Pois           #.......     61%         4    ####...
 Confuse                  Hex            #.......     71%         3    ##.....
 Gell's Gravitas          Tloc           #.........   71%         3    ##.....
 Portal Projectile        Hex/Tloc       #.....       71%         3    ##.....
 Regeneration             Chrm/Necr      #.........   71%         3    ##.....
 Spectral Weapon          Hex/Chrm       #.......     71%         3    ##.....
 Spider Form              Tmut/Pois      #.........   71%         3    ##.....
 Tukima's Dance           Hex            #.......     71%         3    ##.....
 Yara's Violent Unravell  Hex/Tmut       #.........   88%         5    #####..
 Cause Fear               Hex            #.........   97%         4    ####...
 Ice Form                 Ice/Tmut       #.......     97%         4    ####...
 Passage of Golubria      Tloc           N/A          97%         4    ####...
 Blade Hands              Tmut           #.........   100%        5    #####..
 Metabolic Englaciation   Hex/Ice        #.........   100%        5    #####..
 Summon Forest            Summ/Tloc      #.........   100%        5    #####..
 Shatter                  Erth           ####......   100%        9    #######
 Statue Form              Tmut/Erth      Unusable     N/A         6    N/A

Dungeon Overview and Level Annotations

Branches:
Dungeon (15/15)            Temple (1/1) D:4            Lair (6/6) D:8
 Shoals (4/4) Lair:3       Spider (0/4) Lair:4        Slime (0/5) Lair:5
    Orc (2/2) D:9             Elf (0/3) Orc:2        Vaults (0/5) D:14
 Depths (0/5) D:15

Altars:
Ashenzari
Cheibriados
Dithmenos
Elyvilon
Fedhas
Gozag
Hepliaklqana
Kikubaaqudgha
Makhleb
Nemelex Xobeh
Okawaru
Qazlal
Ru
Sif Muna
Trog
Uskayaw
Vehumet
Wu Jian
Xom
Yredelemnul
Zin
The Shining One
Beogh

Shops:
Orc:1 %   Orc:2 !==([

Annotations:
D:4 1 runed translucent door, Folque's ghost, amateur DrEE
D:9 3 runed translucent doors
D:12 Kirke


Innate Abilities, Weirdness & Mutations

You are resistant to torment.
Your stone body is resilient. (AC +12)
You are immune to poison.
Your large and strong wings let you fly indefinitely.
You resist negative energy. (rN+)
You are resistant to electric shocks. (rElec)
You can survive without breathing.
You are immune to petrification.
You are immune to rotting.


Message History

The poisoned javelin hits you!
* * * LOW HITPOINT WARNING * * *
The merfolk impaler barely misses you.
The merfolk impaler hits you but does no damage.
It was a potion of degeneration.
There was something very wrong with that liquid.
You feel weakened.
You feel dopey.
You feel clumsy.
The sea snake bites you but does no damage.
You block the merfolk impaler's attack.
The merfolk siren chants its luring song.
The merfolk impaler hits you from afar with a +2 trident of freezing!
* * * LOW HITPOINT WARNING * * *
The merfolk impaler freezes you.
* * * LOW HITPOINT WARNING * * *
You block the manticore's attack.
The manticore claws you but does no damage.
You block the manticore's attack. You block the merfolk impaler's attack.
The merfolk javelineer throws a poisoned javelin.
The poisoned javelin hits you!!
You die...

≈≈≈≈≈≈≈...###### #..≈≈≈≈≈≈≈
≈≈≈≈≈≈≈≈.P..PP.# ##....≈≈≈≈≈
≈≈≈≈≈≈≈≈≈≈P.PPP###.....≈≈≈≈≈
≈≈≈≈≈≈≈≈≈≈≈≈≈≈.P†<......≈≈≈≈
≈≈≈≈≈≈≈≈≈≈≈≈≈≈≈≈PP......≈≈≈≈
≈≈≈≈≈≈≈≈≈≈≈≈≈≈≈≈m.......≈≈≈≈
≈≈≈≈≈≈≈≈≈≈P≈≈≈≈PPmm.....≈≈≈.
≈≈≈≈≈≈≈≈≈≈≈≈≈PPPP.m.......≈#
≈≈≈≈≈≈≈≈≈....PP@....≈^...≈
≈≈≈≈≈≈≈≈......PSH..≈≈≈m...
≈≈≈≈≈≈≈.......H...≈≈≈....
≈≈≈≈≈≈..m..m....≈≈≈≈..(.
≈≈≈≈≈...........≈≈≈....
≈≈≈≈....#≈####≈≈≈≈...
≈≈≈≈....### #≈≈≈.$.
≈≈≈≈...#. #≈... ≈≈≈≈≈≈# .m
#≈.


You could see a merfolk avatar, 3 merfolk impalers, 2 merfolk javelineers, a sea
snake, 2 manticores and a merfolk siren.

Vanquished Creatures
  Jorgrun (D:13)
  Rupert (Lair:4)
  Roxanne (Shoals:2)
  An orc warlord (Orc:2)
  A reaper (IceCv)
  A stone giant (Orc:1)
  A minotaur (Gauntlet)
  A dire elephant (Lair:6)
  Snorg (D:9)
  4 merfolk javelineers
  6 merfolk impalers
  2 ogre magi
  4 hydras
  A shambling mangrove (Lair:3)
  2 catoblepae
  A merfolk aquamancer (Shoals:1)
  16 two-headed ogres
  5 centaur warriors
  A deep troll shaman (Lair:6)
  12 death yaks
  Urug (Orc:1)
  A hell knight (Lair:5)
  A shock serpent (shapeshifter) (D:15)
  Sonja (D:10)
  Nergalle (Lair:3)
  3 sixfirhies (Gauntlet)
  A salamander mystic (Volcano)
  2 deep trolls (Orc:2)
  An unseen horror (D:11)
  5 sea snakes
  A wizard (D:14)
  An orb spider (Lair:4)
  2 wolf spiders (D:15)
  2 deep elf magi
  3 harpies (Shoals:4)
  3 orc sorcerers (Orc:2)
  2 oklob plants
  7 ugly things
  8 manticores
  A moth of wrath (Gauntlet)
  6 cyclopes
  8 fauns
  14 elephants
  6 merfolk sirens
  A naga mage (D:15)
  2 ice statues (IceCv)
  Maurice (D:13)
  A torpor snail (Lair:3)
  10 spiny frogs
  3 gargoyles
  4 black mambas
  4 water nymphs
  2 rime drakes
  The ghost of Folque the Magician, a novice DrIE (D:6)
  8 komodo dragons
  2 kobold demonologists
  An efreet (D:15)
  6 ice devils (IceCv)
  4 yaktaurs (D:15)
  18 trolls
  21 merfolk
  7 polar bears
  A wandering mushroom (Lair:3)
  A queen bee (Gauntlet)
  5 wind drakes
  A slime creature (shapeshifter) (D:15)
  2 dream sheep (Shoals:3)
  13 slime creatures
  8 blink frogs
  14 hippogriffs
  6 snapping turtles
  2 shadows
  5 water elementals
  A vampire (D:11)
  5 wyverns
  40 yaks
  5 hungry ghosts
  A basilisk (D:15)
  2 hogs
  Menkaure (Ossuary)
  2 wargs
  Edmund (D:5)
  An acid dragon (D:15)
  14 water moccasins
  6 porcupines
  4 ice beasts
  5 sky beasts
  27 orc warriors
  3 black bears
  2 phantoms
  3 eyes of draining
  28 ogres
  22 wolves
  11 centaurs
  9 crocodiles
  A big kobold (D:13)
  An elf zombie (Ossuary)
  18 bullfrogs
  3 scorpions
  15 killer bees
  23 wights
  An electric eel (Lair:4)
  5 howler monkeys
  6 crimson imps
  7 centaur zombies
  5 jellies
  2 quasits
  A gnoll shaman (D:9)
  12 orc priests
  2 bullfrog skeletons
  4 bullfrog zombies
  6 hounds
  6 centaur skeletons
  Jessica (D:2)
  7 iguanas
  Natasha (thrice) (D:2)
  22 orc wizards
  14 worker ants
  A hell rat (D:8)
  3 ogre zombies (Ossuary)
  6 mummies (Ossuary)
  2 hound skeletons
  2 worker ant zombies
  Robin (D:3)
  9 gnolls
  A howler monkey skeleton (D:7)
  17 adders
  A river rat (D:8)
  4 shadow imps
  12 white imps (IceCv)
  4 oozes (Lair:5)
  3 ufetubi (IceCv)
  5 adder zombies
  5 adder skeletons
  A worm (D:3)
  4 dart slugs
  8 leopard geckos
  76 orcs
  2 ball pythons (D:1)
  6 giant cockroaches
  A gnoll zombie (Ossuary)
  18 goblins
  9 hobgoblins
  12 jackals
  14 kobolds
  7 quokkas
  A ball python zombie (D:6)
  10 bats
  5 frilled lizards
  2 goblin zombies
  4 hobgoblin zombies (Ossuary)
  A jackal skeleton (D:7)
  4 kobold zombies (Ossuary)
  2 leopard gecko zombies
  4 quokka zombies
  6 rats
  6 rat zombies (Ossuary)
  2 plants (Lair:3)
937 creatures vanquished.

Vanquished Creatures (others)
  A white imp (IceCv)
  4 ufetubi (IceCv)
  An orc (Orc:2)
  20 fungi
  6 plants
32 creatures vanquished.

Grand Total: 969 creatures vanquished

Notes
Turn   | Place    | Note
-------+----------+-------------------------------------------
     0 | D:1      | Lauz the Gargoyle Fighter began the quest for the Orb.
     0 | D:1      | Reached XP level 1. HP: 14/14 MP: 1/1
    90 | D:1      | Reached XP level 2. HP: 19/19 MP: 2/2
   296 | D:1      | Reached XP level 3. HP: 23/23 MP: 3/3
   795 | D:2      | Noticed Jessica
   808 | D:2      | Killed Jessica
   808 | D:2      | Reached XP level 4. HP: 22/29 MP: 4/4
   944 | D:2      | Noticed Natasha
   959 | D:2      | Killed Natasha
   959 | D:2      | Reached skill level 4 in Shields
  1015 | D:2      | Noticed Natasha
  1038 | D:2      | Killed Natasha
  1038 | D:2      | Reached XP level 5. HP: 3/33 MP: 5/5
  1586 | D:3      | Noticed Robin
  1792 | D:2      | Noticed Natasha
  1812 | D:2      | Killed Natasha
  2068 | D:3      | Killed Robin
  2068 | D:3      | Reached skill level 1 in Dodging
  2115 | D:3      | Reached XP level 6. HP: 29/38 MP: 6/6
  3044 | D:4      | Found a sand-covered staircase.
  3051 | Ossuary  | Entered an ossuary
  3270 | Ossuary  | Reached XP level 7. HP: 37/43 MP: 7/7
  3523 | Ossuary  | Reached skill level 5 in Shields
  3547 | Ossuary  | Noticed Menkaure
  3666 | Ossuary  | Killed Menkaure
  3666 | Ossuary  | Reached skill level 5 in Maces & Flails
  3666 | Ossuary  | Reached skill level 5 in Armour
  3915 | D:4      | Found a hazy altar of Hepliaklqana.
  3925 | D:4      | Found a staircase to the Ecumenical Temple.
  3955 | Temple   | Entered the Ecumenical Temple
  3975 | Temple   | Became a worshipper of Vehumet
  4079 | D:4      | Found a runed translucent door.
  4079 | D:4      | Noticed Folque's ghost (amateur DrEE)
  4180 | D:4      | Reached XP level 8. HP: 48/48 MP: 8/8
  4423 | D:5      | Entered Level 5 of the Dungeon
  4727 | D:5      | Noticed Edmund
  4743 | D:5      | Killed Edmund
  5001 | D:5      | Reached * piety under Vehumet
  5001 | D:5      | Offered knowledge of Freeze by Vehumet.
  5357 | D:5      | Reached skill level 5 in Fighting
  5770 | D:5      | You fall through a shaft for 3 floors!
  5770 | D:8      | Noticed a hippogriff
  5779 | D:8      | Killed a hippogriff
  5779 | D:8      | Reached skill level 6 in Shields
  5886 | D:8      | Got a scintillating brass ring
  5906 | D:8      | Reached XP level 9. HP: 38/54 MP: 9/9
  6117 | D:7      | Found a flagged portal.
  6123 | Bailey   | Entered a bailey
  6620 | Bailey   | Found a burning altar of Makhleb.
  6640 | Bailey   | Identified the ring of Cosir {rC+ MP+9 SInv} (You found it
                  | on level 8 of the Dungeon)
  6891 | D:7      | Noticed a kobold demonologist
  6906 | D:7      | Killed a kobold demonologist
  6906 | D:7      | Reached skill level 7 in Shields
  7298 | D:6      | Found a shimmering altar of Xom.
  7377 | D:6      | Found a runed translucent gate.
  7377 | D:6      | Noticed Folque's ghost (novice DrIE)
  7378 | D:6      | Found a runed translucent gate.
  7379 | D:6      | Found a runed translucent gate.
  7379 | D:6      | Identified the +8 mace of Joyful Slaughter {holy, Dex+4}
  7379 | D:6      | Identified the +9 plate armour "Jouz" {+Fly Slay+4}
  7396 | D:6      | Offered knowledge of Throw Frost by Vehumet.
  7408 | D:6      | Reached ** piety under Vehumet
  7413 | D:6      | Reached XP level 10. HP: 53/61 MP: 10/10
  7728 | D:6      | Found a roughly hewn altar of Beogh.
  7929 | D:6      | Killed Folque's ghost
  7929 | D:6      | Reached skill level 8 in Shields
  8186 | D:7      | Got a brightly glowing jade ring
  8188 | D:7      | Identified the ring of Lugonu's Condemnation {Wiz +Fly
                  | Int+2 Dex+2 SInv} (You found it on level 7 of the Dungeon)
  8258 | D:7      | Noticed a two-headed ogre
  8263 | D:7      | Killed a two-headed ogre
  8358 | D:7      | Reached skill level 10 in Maces & Flails
  8402 | D:7      | Noticed a two-headed ogre
  8414 | D:7      | Killed a two-headed ogre
  8658 | D:8      | Found a sparkling altar of Nemelex Xobeh.
  8699 | D:8      | Offered knowledge of Inner Flame by Vehumet.
  8790 | D:8      | Reached *** piety under Vehumet
  8797 | D:8      | Reached skill level 9 in Shields
  8862 | D:8      | Reached XP level 11. HP: 66/67 MP: 11/11
  8879 | D:8      | Noticed a death yak
  8879 | D:8      | Noticed a death yak
  8881 | D:8      | Found a staircase to the Lair.
  8882 | D:8      | Noticed a death yak
  8960 | D:7      | Killed a death yak
  8965 | D:7      | Killed a death yak
  8998 | D:7      | Killed a death yak
  9122 | D:8      | Offered knowledge of Ignite Poison by Vehumet.
  9134 | D:8      | Learned a level 1 spell: Magic Dart
  9986 | D:9      | Reached **** piety under Vehumet
 10028 | D:9      | Found a staircase to the Orcish Mines.
 10098 | D:9      | Found a runed translucent gate.
 10098 | D:9      | Found a runed translucent gate.
 10099 | D:9      | Found a runed translucent gate.
 10128 | D:9      | Reached skill level 10 in Shields
 10163 | D:9      | Noticed a cyan ugly thing
 10163 | D:9      | Noticed a white ugly thing
 10164 | D:9      | Noticed a purple ugly thing
 10164 | D:9      | Noticed a brown ugly thing
 10165 | D:9      | Noticed a red ugly thing
 10242 | D:9      | Offered knowledge of Stone Arrow by Vehumet.
 10434 | D:10     | Entered Level 10 of the Dungeon
 10560 | D:10     | Noticed Sonja
 10590 | D:10     | Killed Sonja
 11070 | D:10     | Reached XP level 12. HP: 75/75 MP: 12/12
 11159 | D:10     | Noticed a two-headed ogre
 11167 | D:10     | Killed a two-headed ogre
 11426 | D:11     | Reached skill level 11 in Shields
 11542 | D:11     | Noticed a two-headed ogre
 11550 | D:11     | Killed a two-headed ogre
 11612 | D:11     | Found the +9 sword of Zonguldrok {reap}
 11759 | D:11     | Reached ***** piety under Vehumet
 11759 | D:11     | Offered knowledge of Bolt of Draining by Vehumet.
 11876 | D:11     | Noticed a two-headed ogre
 11883 | D:11     | Killed a two-headed ogre
 12043 | D:12     | Found a gate leading to a gauntlet.
 12059 | Gauntlet | Entered a Gauntlet
 12059 | Gauntlet | Found a transporter.
 12059 | Gauntlet | Found a transporter.
 12070 | Gauntlet | Found a runed translucent door.
 12076 | Gauntlet | Found a transporter.
 12079 | Gauntlet | Found a transporter.
 12089 | Gauntlet | Found a transporter.
 12091 | Gauntlet | Found a transporter.
 12096 | Gauntlet | Noticed a green death
 12100 | Gauntlet | Found a transporter.
 12119 | Gauntlet | Found a transporter.
 12134 | Gauntlet | Found a transporter.
 12137 | Gauntlet | Found a transporter.
 12148 | Gauntlet | Found a transporter.
 12149 | Gauntlet | Found a transporter.
 12424 | Gauntlet | Got a glittering glass ring
 12426 | Gauntlet | Identified the ring "Qariuwi" {+Inv Str+2} (You found it in
                  | a Gauntlet)
 12533 | Gauntlet | Noticed a minotaur
 12553 | Gauntlet | Killed a minotaur
 12553 | Gauntlet | Reached skill level 12 in Shields
 12562 | Gauntlet | Identified Cisuut Veula's Tome of Displacement
 12588 | D:11     | Reached skill level 1 in Conjurations
 12645 | D:11     | Reached skill level 1 in Spellcasting
 12727 | D:12     | Noticed a two-headed ogre
 12736 | D:12     | Killed a two-headed ogre
 12736 | D:12     | Reached XP level 13. HP: 75/80 MP: 14/14
 13449 | D:13     | Noticed Jorgrun
 13524 | D:13     | Noticed Maurice
 13531 | D:13     | Killed Jorgrun
 13543 | D:13     | Killed Maurice
 13669 | D:13     | Noticed Kirke
 13948 | Lair:1   | Entered Level 1 of the Lair of Beasts
 14070 | Lair:1   | Offered knowledge of Spellforged Servitor by Vehumet.
 14727 | Lair:2   | Reached skill level 10 in Fighting
 15109 | Lair:2   | Reached skill level 10 in Armour
 15989 | Lair:3   | Reached skill level 5 in Conjurations
 16062 | Lair:3   | Found a staircase to the Shoals.
 16078 | Lair:3   | Reached skill level 13 in Shields
 16125 | Lair:3   | Found a runed translucent door.
 16222 | Lair:3   | Noticed Nergalle
 16233 | Lair:3   | Killed Nergalle
 16328 | Lair:3   | Gained mutation: Your large and strong wings let you fly
                  | indefinitely. [Gargoyle growth]
 16328 | Lair:3   | Reached XP level 14. HP: 77/88 MP: 19/19
 16784 | Lair:4   | Got a steaming lapis lazuli ring
 16786 | Lair:4   | Identified the ring "Soofex" {Ice MP+9} (You found it on
                  | level 4 of the Lair of Beasts)
 17163 | Lair:4   | Found a hole to the Spider Nest.
 17367 | Lair:4   | Noticed Rupert
 17379 | Lair:4   | Killed Rupert
 17942 | Lair:5   | Found a dark tunnel.
 17958 | Volcano  | Entered a volcano
 17996 | Volcano  | Found a bloodstained altar of Trog.
 18072 | Lair:5   | Reached skill level 14 in Shields
 18185 | Lair:5   | Learned a level 3 spell: Stone Arrow
 18339 | Lair:5   | Reached skill level 1 in Earth Magic
 18532 | Lair:5   | Found a staircase to the Slime Pits.
 18596 | Lair:5   | Identified a scroll of acquirement
 18600 | Lair:5   | Got a warped fustibalus
 19055 | Lair:6   | Entered Level 6 of the Lair of Beasts
 19125 | Lair:6   | Offered knowledge of Iron Shot by Vehumet.
 19311 | Lair:6   | Noticed a dire elephant
 19328 | Lair:6   | Killed a dire elephant
 19378 | Lair:6   | Identified the +5 fustibalus "Qefoot" {freeze, +Blink +Inv
                  | rPois SInv} (You acquired it on level 5 of the Lair of
                  | Beasts)
 19497 | Lair:6   | Reached XP level 15. HP: 94/95 MP: 22/22
 19867 | Lair:6   | Reached skill level 15 in Shields
 20108 | Lair:6   | Found a sacrificial altar of Ru.
 20216 | Lair:6   | Reached skill level 5 in Earth Magic
 20588 | Lair:2   | Learned a level 6 spell: Iron Shot
 20674 | Orc:1    | Entered Level 1 of the Orcish Mines
 20681 | Orc:1    | Noticed Snorg
 20707 | D:9      | Killed Snorg
 21017 | Orc:2    | Entered Level 2 of the Orcish Mines
 21066 | Orc:2    | Found Meg Sed's Distillery.
 21103 | Orc:2    | Found Vaic's Jewellery Boutique.
 21221 | Orc:1    | Offered knowledge of Bolt of Magma by Vehumet.
 21221 | Orc:1    | Reached skill level 5 in Spellcasting
 21564 | Orc:2    | Found Peoczi's Jewellery Shoppe.
 21631 | Orc:2    | Found a frozen archway.
 21638 | IceCv    | Entered an ice cave
 21923 | IceCv    | Identified the +6 ice dragon scales of Fortification {-Tele
                  | rF- rC++ rN+ rCorr} (You found it in an ice cave)
 22150 | Orc:2    | Noticed an orc warlord
 22198 | Orc:2    | Killed an orc warlord
 22198 | Orc:2    | Reached ****** piety under Vehumet
 22327 | Orc:2    | Found Eshuf's Antique Weapon Shop.
 22328 | Orc:2    | Found Ellasomp's Antique Armour Boutique.
 22357 | Orc:2    | Found a staircase to the Elven Halls.
 22487 | Orc:2    | Offered knowledge of Orb of Destruction by Vehumet.
 22867 | Orc:1    | Found Onikh's Food Shoppe.
 23150 | Orc:1    | Noticed Urug
 23160 | Orc:1    | Reached XP level 16. HP: 66/103 MP: 24/24
 23179 | Orc:1    | Killed Urug
 24469 | D:14     | Offered knowledge of Bolt of Cold by Vehumet.
 24717 | D:14     | Found a gate to the Vaults.
 25100 | D:15     | Entered Level 15 of the Dungeon
 25741 | D:15     | Found a hazy altar of Hepliaklqana.
 26004 | D:15     | Found a staircase to the Depths.
 26438 | Shoals:1 | Entered Level 1 of the Shoals
 26563 | Shoals:1 | Offered knowledge of Bolt of Fire by Vehumet.
 27695 | Shoals:2 | Noticed Roxanne
 27831 | Shoals:2 | Killed Roxanne
 27831 | Shoals:2 | Reached XP level 17. HP: 72/109 MP: 28/28
 28060 | Shoals:2 | Reached skill level 10 in Earth Magic
 28931 | Shoals:3 | Reached skill level 10 in Conjurations
 29243 | Shoals:4 | Entered Level 4 of the Shoals
 29375 | Shoals:4 | Hit by a poisoned javelin thrown by a merfolk javelineer

Skill      XL: |  1  2  3  4  5  6  7  8  9 10 11 12 13 14 15 16 17 |
---------------+----------------------------------------------------+-----
Armour         | 4 5 7 8 9 10 12 13 | 13.0
Maces & Flails | 3 4 6 7 8 10 12 13 14 | 14.5
Shields        | 4 5 6 7 9 10 12 13 14 15 | 15.1
Fighting       | 4 5 6 7 8 9 10 11 12 13 | 13.7
Dodging        | 1 2 3 4 |  4.1
Conjurations   | 3 5 6 7 9 10 | 10.1
Spellcasting   | 1 3 4 5 7 8 |  8.6
Earth Magic    | 4 7 9 10 | 10.4
Evocations     | |  0.6

Action                   |  1- 3 |  4- 6 |  7- 9 | 10-12 | 13-15 | 16-18 || total
-------------------------+-------+-------+-------+-------+-------+-------++-------
Melee: Flail             |    87 |   412 |   649 |    53 |       |       ||  1201
       Mace              |       |       |       |   632 |  1682 |   973 ||  3287
       Unarmed           |       |       |       |       |     1 |       ||     1
 Cast: Stone Arrow       |       |       |       |       |    27 |   208 ||   235
       Magic Dart        |       |       |       |       |     5 |    27 ||    32
Evoke: Wand              |       |       |       |       |    18 |     3 ||    21
  Use: Scroll            |     4 |     3 |     2 |     4 |    16 |       ||    29
       Potion            |       |     2 |     4 |       |       |     2 ||     8
 Stab: Petrified         |       |       |       |       |       |     2 ||     2
  Eat: Chunk             |       |     8 |     6 |    19 |    27 |    28 ||    88
       Ration            |       |       |     6 |       |     3 |     1 ||    10
Armor: Scale mail        |    50 |   332 |   213 |       |       |       ||   595
       Skin              |       |     1 |    15 |       |       |       ||    16
       Plate armour      |       |       |   150 |   445 |  1002 |   591 ||  2188
Dodge: Dodged            |    36 |   262 |   190 |   210 |   778 |   292 ||  1768
Block: Shield            |    48 |   340 |   337 |   498 |  1337 |   691 ||  3251
